 Dungeon Crawl Stone Soup version 0.17-a0-1731-g129c023 (webtiles) character file.

35 Goblin1989 the Insei (level 3, -1/26 HPs)
             Began as a Human Transmuter on Aug 29, 2015.
             Slain by 4thArraOfDagon's ghost (6 damage)
             ... on level 3 of the Dungeon.
             The game lasted 00:06:55 (1817 turns).

Goblin1989 the Insei (Human Transmuter)             Turns: 1817, Time: 00:06:55

Health: -1/26      AC:  2    Str: 10    XL:     3   Next: 55%
Magic:  6/6        EV: 12    Int: 14    God:
Gold:   132        SH:  0    Dex: 13    Spells: 1 memorised, 5 levels left

rFire  . . .     SeeInvis .       - Unarmed
rCold  . . .     Clarity  .     b - +0 robe
rNeg   . . .     SustAt   .     (no shield)
rPois  .         Gourm    .     (no helmet)
rElec  .         Spirit   .     (no cloak)
rCorr  .         Warding  .     (no gloves)
rMut   .         Stasis   .     (no boots)
MR     .....                    (no amulet)
Stlth  +.........               (no ring)
                                (no ring)

@: appendage (expiring), not resistant to hostile enchantments, very unstealthy
A: horns 2
a: End Transformation


You were on level 3 of the Dungeon.
You were hungry.
You had grown temporary horns.
You visited 1 branch of the dungeon, and saw 3 of its levels.

You collected 132 gold pieces.

Inventory:

Missiles
 a - 12 arrows
Armour
 b - a +0 robe (worn)
Jewellery
 i - an uncursed ring of fire {unknown}
Scrolls
 e - a scroll of identify {unknown}
 k - 3 scrolls of teleportation {unknown}
 m - 2 scrolls of enchant armour {unknown}
 p - a scroll of enchant weapon {unknown}
Potions
 g - a potion of resistance {unknown}
 h - a potion of lignification {unknown}
 l - 2 potions of brilliance {unknown}
 n - 2 potions of curing {unknown}
Books
 c - a book of Changes

   Spells                             Type                      Level
   a - Beastly Appendage              Transmutation                1
   b - Sticks to Snakes               Transmutation                2
   c - Spider Form                    Transmutation/Poison         3
   d - Ice Form                       Ice/Transmutation            4
   e - Blade Hands                    Transmutation                5
Comestibles
 d - 2 bread rations
 f - 3 chunks of flesh
 j - a slice of pizza
 o - a meat ration


   Skills:
 - Level 1.0 Fighting
 - Level 2.0 Dodging
 + Level 4.3 Unarmed Combat
 - Level 2.0 Spellcasting
 - Level 2.0 Transmutations


You had 5 spell levels left.
You knew the following spells:

 Your Spells              Type           Power        Failure   Level  Hunger
a - Beastly Appendage     Trmt           #.....       12%         1    ##.....


Dungeon Overview and Level Annotations

Branches:
Dungeon (3/15)

Altars:

Annotations:
D:3 4thArraOfDagon's ghost, weakling MiBe


Innate Abilities, Weirdness & Mutations

You have a pair of horns on your head.


Message History

You closely miss 4thArraOfDagon's ghost. 4thArraOfDagon's ghost is heavily damaged. 4thArraOfDagon's ghost hits you.
Some of the chunks of flesh in your inventory have rotted away.
You hit 4thArraOfDagon's ghost but do no damage. 4thArraOfDagon's ghost is heavily damaged. 4thArraOfDagon's ghost closely misses you.
You barely miss 4thArraOfDagon's ghost. 4thArraOfDagon's ghost is heavily damaged. 4thArraOfDagon's ghost hits you.
You hit 4thArraOfDagon's ghost. 4thArraOfDagon's ghost is severely damaged.
Your transformation is almost over. 4thArraOfDagon's ghost hits you!
* * * LOW HITPOINT WARNING * * *
You hit 4thArraOfDagon's ghost but do no damage.
Your headbutt misses 4thArraOfDagon's ghost. 4thArraOfDagon's ghost is severely damaged. 4thArraOfDagon's ghost hits you.
You die...

....#######.# ##########
W..#.....#.#####.........
####>.......................
........###.#.#####.........
........# #.#.# ##########
........# #.#.#
........###.#.#######
.....................
........#.W@.........
........####.....#...
................#_#..
############.....#..
#......... #.........
#......... #.....(...
#........


You could see 4thArraOfDagon's ghost.

Vanquished Creatures
  A worm (D:2)
  2 giant geckos (D:1)
  A ball python (D:3)
  4 bats (D:2)
  A giant cockroach (D:1)
  3 hobgoblins (D:1)
  2 giant newts (D:1)
  4 goblins
  4 jackals
  3 kobolds (D:2)
  5 rats
30 creatures vanquished.

Notes
Turn   | Place    | Note
--------------------------------------------------------------
     0 | D:1      | Goblin1989 the Human Transmuter began the quest for the Orb.
     0 | D:1      | Reached XP level 1. HP: 15/15 MP: 3/3
     2 | D:1      | Noticed a merfolk
     4 | D:1      | Noticed a felid
     4 | D:1      | Noticed a troll
     6 | D:1      | Noticed a formicid
     8 | D:1      | Noticed a demonspawn
     8 | D:1      | Noticed a gargoyle
    10 | D:1      | Noticed a ghoul
    12 | D:1      | Noticed a spriggan
    12 | D:1      | Noticed a draconian
    14 | D:1      | Noticed a vine stalker
    14 | D:1      | Noticed a human
    16 | D:1      | Noticed an octopode
    16 | D:1      | Noticed a dwarf
    18 | D:1      | Noticed a vampire
    20 | D:1      | Noticed a tengu
    22 | D:1      | Noticed an ogre
    22 | D:1      | Noticed a minotaur
    24 | D:1      | Noticed an elf
    24 | D:1      | Noticed a naga
    26 | D:1      | Noticed a centaur
    26 | D:1      | Noticed a demigod
   499 | D:1      | Reached XP level 2. HP: 21/21 MP: 3/5
  1065 | D:2      | Reached skill level 4 in Unarmed Combat
  1065 | D:2      | Reached XP level 3. HP: 19/26 MP: 4/6
  1743 | D:3      | Noticed an ogre
  1773 | D:3      | Found a faded altar to an unknown god.
  1795 | D:3      | Noticed 4thArraOfDagon's ghost (weakling MiBe)
  1817 | D:3      | Slain by 4thArraOfDagon's ghost

Vault maps used:
D:1:      kb_arrival_jail
D:3:      ecumenical_altar_1

Action                   || total
-------------------------++-------
Melee: Unarmed           ||   133
 Cast: Beastly Appendage ||    24
  Eat: Chunk             ||     3
